 Dungeon Crawl Stone Soup version 0.25.1-8-g42b30a86e7 (webtiles) character file.

Game seed: 3794874708809666288

2047 Clowwww the Cleaver (level 9, -6/96 HPs)
             Began as an Ogre Berserker on Dec 27, 2020.
             Was an Elder of Trog.
             Killed from afar by an orc wizard (9 damage)
             ... with a puff of frost
             ... on level 7 of the Dungeon.
             The game lasted 00:14:57 (7645 turns).

Clowwww the Cleaver (Ogre Berserker)                Turns: 7645, Time: 00:14:58

Health: -6/96      AC:  8    Str: 24    XL:     9   Next: 24%
Magic:  9/9        EV: 11    Int:  8    God:    Trog [****..]
Gold:   381        SH:  0    Dex: 10    Spells: 8/8 levels left

rFire    + . .     SeeInvis .   v - +0 giant spiked club
rCold    . . .     Gourm    .   (shield currently unavailable)
rNeg     . . .     Faith    .   u - +0 swamp dragon scales
rPois    +         Spirit   .   (helmet restricted)
rElec    .         Reflect  .   (no cloak)
rCorr    .         Harm     .   (gloves unavailable)
MR       .....                  (boots unavailable)
Stlth    +.........             (no amulet)
HPRegen  0.26/turn              l - ring of protection from fire
MPRegen  0.11/turn              (no ring)

@: invisible
A: large, unfitting armour, tough skin 1
a: Berserk, Trog's Hand, Brothers in Arms, Renounce Religion


You were on level 7 of the Dungeon.
You worshipped Trog.
Trog was greatly pleased with you.
You were very hungry.

You visited 1 branch of the dungeon, and saw 7 of its levels.

You collected 381 gold pieces.

Inventory:

Hand Weapons
 q - a +2 morningstar of holy wrath
 s - a +1 war axe
 v - a +0 giant spiked club (weapon)
Missiles
 p - 3 boomerangs (quivered)
Armour
 u - +0 swamp dragon scales (worn)
Jewellery
 l - a ring of protection from fire (left hand)
Wands
 i - a wand of flame (19)
 j - a wand of enslavement (7)
 r - a wand of acid (3)
Scrolls
 d - 2 scrolls of enchant weapon
 e - 2 scrolls of remove curse
 h - 3 scrolls of teleportation
 m - 2 scrolls of magic mapping
Potions
 a - a potion of degeneration
 f - a potion of brilliance
 g - 4 potions of stabbing
 k - 3 potions of lignification
 n - 2 potions of magic
 o - a potion of haste
 t - a potion of might
Comestibles
 c - 9 rations


   Skills:
 + Level 8.0 Fighting
 + Level 8.6(8.7) Axes
 + Level 1.4(5.1) Maces & Flails
 + Level 2.1 Throwing
 + Level 0.2 Armour
 + Level 5.4 Dodging
 + Level 2.3 Stealth


You had 8 spell levels left.
You didn't know any spells.
Your spell library was empty.

Dungeon Overview and Level Annotations

Branches:
Dungeon (7/15)             Temple (0/1) D:7

Altars:
Dithmenos
Gozag
Zin


Innate Abilities, Weirdness & Mutations

You are too large for most types of armour.
You have tough skin. (AC +1)


Message History

The puff of flame hits you. You resist.
* * * LOW HITPOINT WARNING * * *
You barely miss something.
You hear some strange, mumbled words.
A magic dart appears from out of thin air!
The magic dart hits you!
* * * LOW HITPOINT WARNING * * *
You hear some strange, mumbled words.
A puff of flame appears from out of thin air!
The puff of flame hits you. You resist.
* * * LOW HITPOINT WARNING * * *
Okay, then.
Unknown command.
Okay, then.
You fade into invisibility!
Something barely misses you.
You hear some strange, mumbled words.
A puff of frost appears from out of thin air!
The puff of frost hits you!
You die...

#.# #.# #.#
##### #.#
....# ###+###
# #.....# #.##
#.⌠.⌠.###
#######....#
'..>..+.#
#....@{)...#
#.⌠.⌠.#.#
#.########.#
#.....#.# #.#
###'###.# #.#
###.###.####.#
.............#
###..#########
#..........
###.#########


There were no monsters in sight!

Vanquished Creatures
  Menkaure (D:7)
  Duvessa (D:6)
  2 orc warriors
  A black bear (D:6)
  An ogre (D:7)
  2 big kobolds
  3 bullfrogs (D:6)
  Dowan (D:6)
  A water moccasin skeleton (D:6)
  A howler monkey (D:3)
  4 crimson imps
  A quasit (D:7)
  3 orc priests
  3 hounds
  4 orc wizards
  3 worker ants
  2 iguanas
  A hound skeleton (D:4)
  A howler monkey zombie (D:7)
  3 adders
  5 gnolls (D:6)
  2 shadow imps (D:6)
  2 adder zombies
  An adder skeleton (D:4)
  A worm (D:2)
  A leopard gecko (D:4)
  14 orcs
  A giant cockroach (D:1)
  36 goblins
  26 hobgoblins
  3 jackals (D:3)
  10 kobolds
  A quokka (D:7)
  4 bats
  4 frilled lizards
  A jackal zombie (D:6)
  2 leopard gecko skeletons
  A quokka skeleton (D:7)
  3 rats
157 creatures vanquished.

Vanquished Creatures (collateral kills)
  Maggie (D:7)
1 creature vanquished.

Grand Total: 158 creatures vanquished

Notes
Turn   | Place    | Note
-------+----------+-------------------------------------------
     0 | D:1      | Clowwww the Ogre Berserker began the quest for the Orb.
     0 | D:1      | Reached XP level 1. HP: 24/24 MP: 1/1
   361 | D:1      | Reached XP level 2. HP: 26/32 MP: 2/2
   923 | D:2      | Found a shadowy altar of Dithmenos.
  1466 | D:3      | Reached XP level 3. HP: 40/40 MP: 3/3
  1552 | D:3      | HP: 2/40 [poisoned by an adder]
  1558 | D:3      | HP: 1/40 [poisoned by an adder]
  1993 | D:3      | Reached ** piety under Trog
  2175 | D:3      | Reached XP level 4. HP: 34/49 MP: 4/4
  2216 | D:3      | Reached XP level 5. HP: 21/55 MP: 5/5
  3035 | D:4      | Reached skill level 5 in Fighting
  3657 | D:4      | Reached XP level 6. HP: 52/66 MP: 6/6
  3954 | D:5      | Entered Level 5 of the Dungeon
  4143 | D:5      | Reached skill level 1 in Stealth
  4620 | D:6      | Reached skill level 5 in Axes
  4651 | D:6      | Reached skill level 1 in Throwing
  4920 | D:6      | Reached XP level 7. HP: 71/72 MP: 7/7
  5382 | D:6      | Reached *** piety under Trog
  5384 | D:6      | Reached XP level 8. HP: 47/83 MP: 8/8
  5586 | D:6      | Found an opulent altar of Gozag.
  5587 | D:6      | Found a glowing silver altar of Zin.
  5754 | D:6      | Noticed Dowan
  5756 | D:6      | Noticed Duvessa
  5766 | D:6      | Killed Duvessa
  5772 | D:6      | Killed Dowan
  6323 | D:6      | Reached skill level 5 in Dodging
  6327 | D:6      | Reached **** piety under Trog
  7000 | D:7      | Noticed Menkaure
  7006 | D:7      | Killed Menkaure
  7023 | D:7      | Noticed Maggie
  7043 | D:7      | Killed Maggie
  7043 | D:7      | Reached XP level 9. HP: 24/93 MP: 9/9
  7581 | D:7      | Found a staircase to the Ecumenical Temple.
  7616 | D:7      | Reached skill level 1 in Maces & Flails
  7644 | D:7      | HP: 4/96 [something/magic dart (10)]
  7645 | D:7      | Killed from afar by an orc wizard

Illustrated notes

Levels and vault maps discovered:
D:1:      dpeg_arrival_ternary, layout_loops_ring
D:2:      layout_loops_ring, nicolae_dithmenos_shadow_blocks
D:3:      layout_loops_ring
D:4:      layout_loops_corners, first_ration, kennysheep_donut
D:5:      layout_loops_ring, minmay_liquid_box
D:6:      minmay_goblin_kobold_castle, layout_basic,
          grunt_temple_overflow_gold_and_silver, uniq_duvessa
D:7:      layout_loops_ring, minmay_temple_entry_hall, uniq_maggie,
          uniq_menkaure

Skill      XL: |  1  2  3  4  5  6  7  8  9 |
---------------+----------------------------+-----
Dodging        | 3 4 5 |  5.4
Axes           | 4 5 6 8 |  8.6
Fighting       | 5 6 7 8 |  8.0
Stealth        | 1 2 |  2.3
Throwing       | 1 2 |  2.1
Maces & Flails | 1 |  1.4
Armour         | |  0.2

Action                   |  1- 3 |  4- 6 |  7- 9 || total
-------------------------+-------+-------+-------++-------
Melee: Hand axe          |    90 |    59 |       ||   149
       War axe           |       |    44 |   165 ||   209
       Giant spiked club |       |       |    52 ||    52
       Morningstar       |       |       |     5 ||     5
Throw: Boomerang         |       |    15 |     7 ||    22
Invok: Berserk           |     2 |       |     5 ||     7
       Trog's Hand       |       |       |     3 ||     3
       Brothers in Arms  |       |       |     1 ||     1
Evoke: Wand              |       |       |     2 ||     2
  Use: Scroll            |       |    16 |     2 ||    18
       Potion            |       |       |     1 ||     1
 Stab: Sleeping          |       |     1 |     1 ||     2
       Distracted        |       |       |     1 ||     1
  Eat: Chunk             |     5 |     6 |    10 ||    21
       Ration            |       |     1 |     1 ||     2
Armor: Animal skin       |    18 |    20 |    39 ||    77
       Swamp dragon scal |       |       |    35 ||    35
Dodge: Dodged            |    46 |    53 |   200 ||   299
